 Dungeon Crawl Stone Soup version 0.19.1 (webtiles) character file.

105952 Milesaru the Swashbuckler (level 15, -2/119 HPs)
             Began as a Vampire Assassin on Dec 1, 2016.
             Was the Champion of Dithmenos.
             Slain by Agnes
             ... wielding a +0 lajatang
              (11 damage)
             ... on level 15 of the Dungeon on Dec 8, 2016.
             The game lasted 03:38:44 (43692 turns).

Milesaru the Swashbuckler (Vampire Assassin)       Turns: 43692, Time: 03:38:45

Health: -2/119     AC:  0    Str: 11    XL:     15   Next: 96%
Magic:  17/22      EV: 37    Int: 15    God:    Dithmenos [******]
Gold:   1438       SH:  0    Dex: 25    Spells: 5 memorised, 6 levels left

rFire  . . .     SeeInvis +     (weapon currently unavailable)
rCold  + . .     Gourm    .     (armour currently unavailable)
rNeg   + + .     Faith    .     (shield currently unavailable)
rPois  +         Spirit   .     (helmet currently unavailable)
rElec  .         Reflect  .     (cloak currently unavailable)
rCorr  .         Harm     .     (gloves currently unavailable)
MR     +....                    (boots currently unavailable)
Stlth  ++++++++++               d - amulet of magic regeneration
                                (ring currently unavailable)
                                (ring currently unavailable)

@: bat-form, flying, regenerating slowly, wreathed by umbra, studying Hexes,
very quick
A: fangs 3, see invisible, (unbreathing)
a: End Transformation, Shadow Step, Shadow Form, Renounce Religion


You were on level 15 of the Dungeon.
You worshipped Dithmenos.
Dithmenos was exalted by your worship.
You were very thirsty.
You were in vampire-bat-form.
You visited 4 branches of the dungeon, and saw 24 of its levels.

You collected 2244 gold pieces.
You spent 806 gold pieces at shops.

Inventory:

Hand Weapons
 b - a +0 blowgun
 j - a +1 dagger of venom
 t - a +8 rapier (melded)
 R - a +0 short sword of distortion
Missiles
 e - 119 poisoned needles
 f - 11 curare-tipped needles
 q - 5 poisoned tomahawks (quivered)
 y - 4 steel javelins
 T - 8 needles of paralysis
 V - 3 poisoned javelins
Armour
 n - a +2 pair of boots of running (melded)
 F - a +1 cloak (melded)
 M - a +2 pair of gloves of archery (melded)
 W - a +2 helmet (melded)
 Z - a +4 troll leather armour (melded)
Jewellery
 a - an uncursed ring of stealth
 d - an amulet of magic regeneration (around neck)
 k - the ring of Eben (melded) {+Inv rF- EV+2 Dex+4}
   (You bought it in a shop on level 1 of the Orcish Mines)

   [ring of evasion]

   It affects your evasion (+2).
   It affects your dexterity (+4).
   It makes you vulnerable to fire.
   It lets you turn invisible.
 x - an uncursed ring of resist corrosion
 D - an uncursed ring of positive energy
 Q - a +4 ring of evasion (melded)
Wands
 c - a wand of digging (11/24)
 s - a wand of confusion (23/48)
 I - a wand of digging (13/24)
 K - a wand of acid (6/15)
 O - a wand of iceblast (5/15)
 S - a wand of iceblast (7/15)
Scrolls
 l - 4 scrolls of magic mapping
 r - 3 scrolls of remove curse
 v - 8 scrolls of teleportation
 z - 2 scrolls of fear
 B - 4 scrolls of recharging
 E - a scroll of enchant armour
 J - 2 scrolls of fog
 P - a scroll of brand weapon {unknown}
Potions
 g - 28 potions of blood
 i - a potion of heal wounds {unknown}
 m - 2 potions of cure mutation
 o - 3 potions of ambrosia
 p - a potion of haste
 u - 4 potions of lignification
 w - 2 potions of degeneration {unknown}
 A - 2 potions of might
 C - 8 potions of curing
 H - 3 potions of brilliance {unknown}
 N - 2 potions of flight {unknown}
 U - 4 potions of resistance {unknown}
 Y - a potion of berserk rage {unknown}
Books
 G - a book of Misfortune

   Spells                             Type                      Level
   a - Confusing Touch                Hexes                        1
   b - Confuse                        Hexes                        3
   c - Gell's Gravitas                Hexes/Translocation          3
   d - Petrify                        Transmutation/Earth          4
   e - Metabolic Englaciation         Hexes/Ice                    5
   f - Yara's Violent Unravelling     Hexes/Transmutation          5
 L - a book of Enchantments

   Spells                             Type                      Level
   a - Cause Fear                     Hexes                        4
   b - Yara's Violent Unravelling     Hexes/Transmutation          5
   c - Silence                        Hexes/Air                    5
   d - Deflect Missiles               Charms/Air                   6
   e - Discord                        Hexes                        8
 X - a manual of Hexes
Miscellaneous
 h - a lamp of fire


   Skills:
 * Level 11.6 Fighting
 * Level 17.9 Short Blades
 - Level 1.5 Throwing
 * Level 14.2 Dodging
 - Level 16.7 Stealth
 - Level 4.8 Spellcasting
 + Level 13.5 Hexes


You had 6 spell levels left.
You knew the following spells:

 Your Spells              Type           Power        Failure   Level  Hunger
a - Confuse               Hex            #####...     1%          3    ###....
b - Slow                  Hex            #####...     1%          2    ##.....
c - Dazzling Spray        Conj/Hex       ###...       2%          3    ###....
d - Cause Fear            Hex            #####.....   1%          4    ####...
e - Silence               Hex/Air        ###.......   28%         5    ######.


Dungeon Overview and Level Annotations

Branches:
Dungeon (15/15)            Temple (1/1) D:7            Lair (6/6) D:9
 Shoals (0/4) Lair:3        Snake (0/4) Lair:4        Slime (0/5) Lair:6
    Orc (2/2) D:9             Elf (0/3) Orc:2        Vaults (0/5) D:14
 Depths (0/5) D:15

Altars:
Ashenzari
Cheibriados
Dithmenos
Fedhas
Gozag
Hepliaklqana
Makhleb
Nemelex Xobeh
Qazlal
Ru
Sif Muna
Trog
Uskayaw
Vehumet
Xom
Yredelemnul
Zin
Beogh
Jiyva

Shops:
D:5 =*:[   D:9 (   D:14 :   Orc:1 *   Orc:2 :([*(

Annotations:
D:6 exclusion: statue
D:15 Agnes


Innate Abilities, Weirdness & Mutations

You heal slowly.
You have razor-sharp teeth.
You have supernaturally acute eyesight. (SInv)
((You can survive without breathing.))


Message History

You see here a stone.
Agnes throws a stone.
The stone completely misses you.
You see here 3 stones.
You see here a stone.
Agnes hits you with a lajatang!!
* * * LOW HITPOINT WARNING * * *
Agnes closely misses you.
Okay, then.
Okay, then.
You fail to use your ability.
Agnes hits you but does no damage.
You turn into a vampire bat.
Your +8 rapier melds into your body.
Your +1 cloak melds into your body.
Your +2 helmet melds into your body.
Your +2 pair of gloves of archery melds into your body.
Your +2 pair of boots of running melds into your body.
Your +4 troll leather armour melds into your body.
The ring of Eben {+Inv rF- EV+2 Dex+4} melds into your body.
Your +4 ring of evasion melds into your body.
Your aim is not that steady anymore.
You feel rather sluggish. Agnes misses you. Agnes hits you with a lajatang!
You die...

##.......# ##.## #.. #.......##
#M.# #.. ##.......## ##.## #..
##.......# #.## #.# ##........##
##z# #.# ##..........# ##.## #.#
#....#......# #...# #########§.
##...###.....####i##.##.......p§§
#..### ##.....##b## ##...###≈..≈#
#### ###......# #..#...#≈≈#.
##....######.p#.⌠.#≈≈#.
##...###..#..#...#≈≈#.
##..#........###≈≈≈≈#
#.#...........≈≈≈≈≈≈
#.........÷...≈≈≈≈≈≈
#...........###≈≈≈≈
#..........#...#≈≈#


You could see Agnes, a skeletal warrior and a guardian mummy.

Vanquished Creatures
  Frances (D:14)
  The ghost of Azzok the Warrior, an adept MiFi of Okawaru (D:14)
  An orc warlord (Orc:2)
  Louise (D:14)
  Nessos (D:13)
  Snorg (D:13)
  7 hydras
  Fannar (D:9)
  4 vault guards (D:14)
  4 catoblepae
  2 centaur warriors
  25 death yaks
  Urug (Orc:2)
  An orc high priest (Orc:2)
  Sonja (D:12)
  6 skeletal warriors
  Nergalle (Orc:2)
  An unseen horror (shapeshifter) (D:15)
  A flayed ghost (D:15)
  3 unseen horrors
  7 hill giants
  2 orc knights (Orc:2)
  4 orc sorcerers
  A necromancer (D:15)
  A lindwurm (Lair:6)
  2 ugly things
  3 deep elf magi
  4 cyclopes
  2 manticores (D:14)
  7 elephants
  5 black mambas
  Psyche (D:8)
  A smoke demon (D:14)
  6 centaur skeletons
  15 spiny frogs
  A torpor snail (Lair:3)
  A gargoyle (D:10)
  4 rime drakes
  6 komodo dragons
  2 efreet (D:14)
  A freezing wraith (D:14)
  An ice devil (D:14)
  2 hornets
  7 trolls
  2 polar bears
  13 blink frogs
  7 slime creatures
  3 two-headed ogres
  12 hippogriffs
  7 dream sheep (Lair:6)
  2 meliai zombies (D:14)
  Sigmund (D:5)
  2 wraiths
  2 shadows (D:15)
  A water elemental (D:15)
  Eustachio (D:6)
  6 basilisks
  Grum (Lair:1)
  61 yaks
  2 wyverns
  A human (D:10)
  2 steam dragons
  2 mottled dragons
  A warg (Orc:1)
  2 soldier ants
  12 porcupines
  11 water moccasins
  21 orc warriors
  4 ice beasts
  4 sky beasts
  A necrophage (D:8)
  2 phantoms
  10 ogres
  An eye of draining (shapeshifter) (D:13)
  13 wolves
  18 centaurs
  17 crocodiles
  2 big kobolds
  A gnoll sergeant (D:12)
  18 bullfrogs
  2 wyvern zombies (D:12)
  A wyvern skeleton (D:10)
  2 scorpions
  11 killer bees
  26 wights
  5 howler monkeys
  An electric eel (D:13)
  12 crimson imps
  2 bullfrog zombies
  3 centaur zombies
  11 orc priests
  6 hounds
  29 orc wizards
  A quasit (D:6)
  5 jellies
  Crazy Yiuf (D:3)
  3 bullfrog skeletons
  4 iguanas
  10 hell rats (Lair:1)
  14 worker ants
  3 hound zombies
  2 worker ant zombies
  15 gnolls
  12 adders
  A howler monkey skeleton (D:4)
  12 river rats
  A shadow imp (D:12)
  3 white imps
  2 worms
  12 leopard geckos
  41 orcs
  7 bats
  5 giant cockroaches
  5 goblins
  6 hobgoblins
  14 jackals
  8 quokkas
  2 ball pythons
  4 frilled lizards
  8 kobolds
  A leopard gecko skeleton (D:5)
  A quokka skeleton (D:4)
  A quokka zombie (D:5)
  24 rats
  A spectral orc (D:7)
  A plant (Lair:6)
757 creatures vanquished.

Vanquished Creatures (others)
  A white imp (D:14)
  An orc (Orc:2)
  2 bushes (D:9)
  14 fungi
  28 plants
46 creatures vanquished.

Grand Total: 803 creatures vanquished

Notes
Turn   | Place    | Note
-------+----------+-------------------------------------------
     0 | D:1      | Milesaru the Vampire Assassin began the quest for the Orb.
     0 | D:1      | Reached XP level 1. HP: 16/16 MP: 1/1
   224 | D:1      | Reached XP level 2. HP: 11/22 MP: 2/2
   872 | D:3      | Reached XP level 3. HP: 27/27 MP: 3/3
  1261 | D:3      | Reached skill level 3 in Short Blades
  1520 | D:3      | Reached XP level 4. HP: 31/34 MP: 4/4
  1730 | D:3      | Found a runed door.
  1734 | D:3      | Noticed Crazy Yiuf
  1745 | D:3      | Killed Crazy Yiuf
  1745 | D:3      | Reached XP level 5. HP: 18/39 MP: 5/5
  2129 | D:3      | HP: 1/39 [worker ant (8)]
  2713 | D:4      | Reached skill level 4 in Short Blades
  2947 | D:4      | Reached XP level 6. HP: 4/47 MP: 6/6
  2955 | D:4      | HP: 2/47 [orc/mace (4)]
  3751 | D:4      | Found a sparkling altar of Nemelex Xobeh.
  3924 | D:4      | Found a glowing silver altar of Zin.
  3953 | D:4      | Reached skill level 5 in Short Blades
  4045 | D:5      | Entered Level 5 of the Dungeon
  4059 | D:5      | Noticed an ice beast
  4061 | D:5      | Reached XP level 7. HP: 52/52 MP: 7/7
  4150 | D:5      | Found Tesau's Assorted Antiques.
  4255 | D:4      | Reached skill level 6 in Short Blades
  4698 | D:5      | Noticed Sigmund
  4728 | D:5      | Killed Sigmund
  4728 | D:5      | Reached XP level 8. HP: 37/60 MP: 8/8
  4917 | D:5      | Found Hiokk's Book Emporium.
  4988 | D:5      | Reached skill level 7 in Short Blades
  5147 | D:5      | Reached skill level 5 in Dodging
  5288 | D:5      | Found Deirai Cuhos's Jewellery Emporium.
  5381 | D:5      | Found a sparkling altar of Nemelex Xobeh.
  5411 | D:5      | Found Bareps's Antique Armour Boutique.
  6428 | D:6      | Found a radiant altar of Vehumet.
  6451 | D:6      | Reached skill level 8 in Short Blades
  6466 | D:6      | Reached skill level 5 in Fighting
  6466 | D:6      | Reached skill level 10 in Stealth
  6522 | D:6      | Noticed Eustachio
  6529 | D:6      | Killed Eustachio
  6529 | D:6      | Reached XP level 9. HP: 68/68 MP: 9/9
  6819 | D:7      | Found a staircase to the Ecumenical Temple.
  7059 | Temple   | Entered the Ecumenical Temple
  7078 | Temple   | Became a worshipper of Dithmenos the Shadowed
  7112 | D:7      | Found a blossoming altar of Fedhas.
  7117 | D:7      | Reached skill level 9 in Short Blades
  8748 | D:7      | Found a basalt altar of Yredelemnul.
  8824 | D:5      | Bought a book of Misfortune for 200 gold pieces
  8830 | D:5      | Learned a level 3 spell: Confuse
  9215 | D:8      | Noticed Psyche
  9220 | D:8      | Killed Psyche
  9913 | D:8      | Reached * piety under Dithmenos
 10061 | D:8      | Reached skill level 10 in Short Blades
 10061 | D:8      | Reached XP level 10. HP: 76/76 MP: 10/10
 10493 | D:8      | Learned a level 2 spell: Slow
 10547 | D:9      | Found a staircase to the Orcish Mines.
 10723 | D:10     | Entered Level 10 of the Dungeon
 10927 | D:9      | HP: 2/76 [porcupine (11)]
 10980 | D:9      | Found Dexkov's Weapon Shop.
 11908 | D:9      | Found a staircase to the Lair.
 11955 | D:9      | Reached skill level 5 in Hexes
 12175 | D:9      | Reached ** piety under Dithmenos
 12175 | D:9      | Reached skill level 11 in Short Blades
 14093 | D:8      | Reached XP level 11. HP: 56/81 MP: 11/11
 16106 | D:10     | Noticed a hill giant
 16113 | D:10     | Killed a hill giant
 16113 | D:10     | Reached skill level 12 in Short Blades
 16397 | D:10     | Noticed a hill giant
 16448 | D:10     | Killed a hill giant
 16462 | D:10     | Noticed a hill giant
 16886 | D:10     | Reached *** piety under Dithmenos
 16902 | D:10     | Killed a hill giant
 17563 | D:11     | Noticed a five-headed hydra
 17565 | D:11     | Killed a five-headed hydra
 17777 | D:11     | Noticed an unseen horror
 17785 | D:11     | Killed an unseen horror
 17828 | D:11     | Noticed a hill giant
 17886 | D:11     | Killed a hill giant
 17886 | D:11     | Reached skill level 13 in Short Blades
 17955 | D:11     | Noticed a brown ugly thing
 17958 | D:11     | Killed a brown ugly thing
 18366 | D:12     | Noticed a red ugly thing
 18841 | D:11     | Reached XP level 12. HP: 63/89 MP: 12/12
 19662 | D:12     | Reached skill level 10 in Dodging
 20200 | D:12     | Noticed Sonja
 20678 | D:12     | Killed Sonja
 21115 | D:12     | Reached skill level 14 in Short Blades
 21180 | D:12     | Reached **** piety under Dithmenos
 22051 | D:12     | Noticed an eight-headed hydra
 22081 | D:12     | Killed an eight-headed hydra
 22158 | D:12     | Reached skill level 15 in Stealth
 22303 | Lair:1   | Entered Level 1 of the Lair of Beasts
 22521 | Lair:1   | Noticed a five-headed hydra
 22524 | Lair:1   | Noticed Fannar
 22799 | D:9      | Killed a five-headed hydra
 23110 | D:9      | Killed Fannar
 23395 | Lair:1   | Noticed Grum
 23487 | Lair:1   | Killed Grum
 23580 | Lair:1   | Reached ***** piety under Dithmenos
 23749 | Lair:1   | Learned a level 3 spell: Dazzling Spray
 23827 | Lair:1   | Reached XP level 13. HP: 98/98 MP: 13/13
 24682 | Lair:2   | Reached skill level 15 in Short Blades
 27534 | Lair:3   | Found a staircase to the Shoals.
 27976 | Lair:4   | Found a staircase to the Snake Pit.
 29401 | Lair:4   | Reached skill level 16 in Short Blades
 30350 | Lair:4   | Reached XP level 14. HP: 108/108 MP: 5/14
 30419 | Lair:6   | Entered Level 6 of the Lair of Beasts
 31463 | Lair:6   | Found a viscous altar of Jiyva.
 32105 | Lair:6   | Found a staircase to the Slime Pits.
 34255 | Lair:6   | Reached skill level 1 in Spellcasting
 34844 | Lair:6   | Reached skill level 10 in Fighting
 35475 | Lair:6   | Reached skill level 10 in Hexes
 36404 | Lair:6   | Reached skill level 17 in Short Blades
 37689 | Orc:1    | Entered Level 1 of the Orcish Mines
 37689 | Orc:1    | Found Ege Xed's Assorted Antiques.
 37752 | Orc:1    | Bought a shiny agate ring for 135 gold pieces
 37752 | Orc:1    | Bought a translucent lead ring for 135 gold pieces
 37764 | Orc:1    | Identified the ring of Eben {+Inv rF- EV+2 Dex+4} (You bought it in a shop on level 1 of the Orcish Mines)
 37862 | Orc:1    | Found a roughly hewn altar of Beogh.
 38192 | Orc:2    | Entered Level 2 of the Orcish Mines
 38192 | Orc:2    | Found a staircase to the Elven Halls.
 38307 | Orc:2    | Reached XP level 15. HP: 117/117 MP: 20/20
 38331 | Orc:2    | Found a radiant altar of Vehumet.
 38349 | Orc:2    | Noticed Urug
 38352 | Orc:2    | Found a roughly hewn altar of Beogh.
 38354 | Orc:2    | Reached ****** piety under Dithmenos
 38488 | Orc:2    | Noticed Nergalle
 38582 | Orc:2    | Noticed an orc warlord
 38593 | Orc:2    | Killed an orc warlord
 38899 | Orc:2    | Killed Nergalle
 38939 | Orc:2    | Killed Urug
 39315 | Orc:2    | Found Caish's Book Boutique.
 39358 | Orc:2    | Found Gyddeelu's Antique Weapon Boutique.
 39371 | Orc:2    | Found Coqoc's General Store.
 39375 | Orc:2    | Found Hoblowac's Antique Armour Boutique.
 39457 | Orc:2    | Found a roughly hewn altar of Beogh.
 39572 | Orc:2    | Bought a pair of glowing gloves for 336 gold pieces
 39678 | Orc:2    | Found Ikats's Antique Weapon Emporium.
 40246 | D:13     | Noticed Snorg
 40251 | D:13     | Killed Snorg
 40685 | D:13     | Identified a +2 pair of boots of running (You found it on level 13 of the Dungeon)
 40753 | D:13     | Noticed Nessos
 40757 | D:13     | Killed Nessos
 41381 | D:13     | Learned a level 4 spell: Cause Fear
 41387 | D:13     | Learned a level 5 spell: Silence
 41475 | D:14     | Noticed Azzok's ghost (adept MiFi)
 42439 | D:14     | Noticed Louise
 42441 | D:14     | Killed Louise
 42530 | D:14     | Killed Azzok's ghost
 42592 | D:14     | Found Atejoep's Book Boutique.
 42669 | D:14     | Found a gate to the Vaults.
 42804 | D:14     | Noticed Frances
 42808 | D:14     | Killed Frances
 43043 | D:15     | Entered Level 15 of the Dungeon
 43117 | D:15     | Noticed Agnes
 43638 | D:15     | Found a staircase to the Depths.
 43692 | D:15     | Slain by Agnes

Skill      XL: |  1  2  3  4  5  6  7  8  9 10 11 12 13 14 15 |
---------------+----------------------------------------------+-----
Fighting       | 2 3 4 5 6 8 9 10 11 | 11.6
Stealth        | 6 7 8 10 11 12 14 15 16 | 16.7
Dodging        | 2 3 4 5 7 8 9 11 12 13 14 | 14.2
Short Blades   | 3 4 5 6 8 10 11 13 14 16 17 | 17.9
Hexes          | 3 6 7 8 10 13 | 13.5
Spellcasting   | 3 4 |  4.8
Throwing       | |  1.5

Action                   |  1- 3 |  4- 6 |  7- 9 | 10-12 | 13-15 || total
-------------------------+-------+-------+-------+-------+-------++-------
Melee: Dagger            |    79 |    67 |   434 |   525 |       ||  1105
       Bite              |     4 |    11 |    87 |   160 |   313 ||   575
       Rapier            |    23 |    97 |   102 |   742 |  1823 ||  2787
       Unarmed           |       |       |       |       |     4 ||     4
 Fire: Blowgun           |       |       |    28 |    67 |    74 ||   169
Throw: Javelin           |       |       |       |     6 |    54 ||    60
       Throwing net      |       |       |       |     3 |       ||     3
       Tomahawk          |       |       |       |       |    11 ||    11
 Cast: Slow              |       |       |       |    14 |    62 ||    76
       Confuse           |       |       |       |    21 |    19 ||    40
       Dazzling Spray    |       |       |       |       |    53 ||    53
Invok: Shadow Step       |       |       |       |     2 |     8 ||    10
 Abil: Bat Form          |     1 |     3 |     7 |    16 |    34 ||    61
       End Transformatio |     1 |     3 |     7 |    16 |    33 ||    60
Evoke: Wand              |       |       |       |       |    11 ||    11
  Use: Potion            |       |     7 |    11 |    27 |    45 ||    90
       Scroll            |       |       |    11 |    12 |    13 ||    36
 Stab: Sleeping          |    17 |     8 |    22 |    47 |    94 ||   188
       Distracted        |       |     1 |     3 |    14 |    10 ||    28
       Confused          |       |       |       |    12 |     2 ||    14
       Held in net/web   |       |       |       |     1 |       ||     1
       Invisible         |       |       |       |       |    17 ||    17
Armor: Robe              |    19 |    32 |    41 |    23 |       ||   115
       Steam dragon scal |       |       |       |    29 |    84 ||   113
       Troll leather arm |       |       |       |       |    73 ||    73
Dodge: Dodged            |    68 |   130 |   247 |   689 |  1138 ||  2272
